Unix NetHack Version 5.0.0-0 post-release - last build Jun 10 2026 00:39:30 (3ee93aec679c4c4259841fe613dc97188e26a321,branch:main).

Game began 2026-06-19 09:02:48, ended 2026-06-19 17:09:53.

LDaviesPeters, neutral female human Archeologist

     -----------                                              ----------------
     |.........|                ################    ----- ####...............|
     |.....<....###             #              #####-...|#    |...>.)........|
     |.........|  ##           ##              ###  |...|#d###...............|
     |.........|   ####         #                ###|.^.|@  # |..............|
     |.........|   ###          #                   |...i#    ----------------
     |.........|     ######     #                   |...|##
     -----------    ------#   ###                   -----
                    |....-##### #
                    |....|#
                    |....+###
                    ------###
                            #

LDaviesPeters the Field Worker  St:17 Dx:9 Co:10 In:17 Wi:14 Ch:9  Neutral
Dlvl:5  $:32 HP:0(20) Pw:18(18) AC:7  Xp:3 T:1604 

Latest messages:
 The door opens.
 You kill the grid bug!
 You see here a morning star.  A board beneath the little dog squeaks a G note loudly.
 You see here a morning star.
 O - a morning star.
 What do you want to eat? [doBM or ?*] ?
 This food really hits the spot!  You finish eating the food ration.
 The door opens.
 You are carrying too much to get through.
 The rabid rat strikes at your displaced image and misses you!
 You lash the rabid rat.  The rabid rat bites!
 You kill the rabid rat!
 You see here a long sword.
 You descend the stairs.
 You see here 13 gold pieces.
 $ - 13 gold pieces (32 in total).
 You see here a food ration.
 You learn more about your items by comparing them.  d - an uncursed food ration (3 in total).
 What do you want to drop? [$abdf-ikopru-wyBEL-O or ?*] ?
 You drop a morning star.
 Restoring save file...
 Hello LDaviesPeters, the human Archeologist, welcome back to NetHack!
 You see here a morning star.
 You climb up the stairs.
 You feel tough!
 You must have been leading a healthy life-style.
 The little dog misses it.
 The little dog misses it.
 You swap places with your little dog.
 You kill the gecko!
 The homunculus misses!
 You miss the homunculus.
 The homunculus bites!
 You miss the homunculus.
 The homunculus bites!
 You are put to sleep by the homunculus!
 The homunculus bites!
 The homunculus bites!
 The homunculus bites!
 The homunculus bites!
 The homunculus bites!
 The homunculus bites!
 The homunculus bites!
 You die...
 Do you want your possessions identified? [ynq] (y) q

Inventory:
 Coins    ('$')
  $ - 32 gold pieces
 Weapons  (')')
  w - a +0 orcish dagger
  a - a +2 bullwhip (weapon in right hand)
 Armor    ('[')
  u - an uncursed +0 orcish helm (being worn)
  v - an uncursed +0 cloak of displacement (being worn)
  h - a blessed +0 leather jacket (being worn)
 Comestibles  ('%')
  d - 3 uncursed food rations
  M - 2 uncursed fortune cookies
  B - an uncursed lembas wafer
  o - an uncursed tripe ration
 Scrolls  ('?')
  L - an uncursed scroll of confuse monster
  y - a cursed scroll of teleportation
 Wands    ('/')
  E - a wand of magic missile (0:7)
  r - a wand of magic missile (0:5)
 Tools    ('(')
  b - an uncursed sack containing 10 items
  i - a magic marker (0:19)
  p - a +0 pick-axe (alternate weapon; not wielded)
  k - an uncursed skeleton key
  N - an uncursed skeleton key
  f - a tinning kit (0:30)
 Gems/Stones  ('*')
  g - an uncursed touchstone

Contents of the sack:
  22 gold pieces
  a blessed scroll of confuse monster
  a blessed scroll of enchant armor
  an uncursed scroll of enchant armor
  an uncursed scroll of gold detection
  a cursed scroll of scare monster
  an uncursed scroll of teleportation
  an uncursed potion of oil
  3 uncursed potions of healing
  an uncursed potion of restore ability

LDaviesPeters the Archeologist's attributes:

Background:
 You were a Field Worker, a level 3 female human Archeologist.
 You were neutral, nominally on a mission for Camaxtli
 who was opposed by Quetzalcoatl (lawful) and Huhetotl (chaotic).
 You were right-handed.
 You were in the Dungeons of Doom, on level 5.
 You entered the dungeon 1604 turns ago.
 You had 74 experience points, 6 more were needed to attain level 4.

Basics:
 You had 0 out of 20 hit points.
 You had all 18 energy points (spell power).
 Your armor class was 7.
 Your wallet contained 32 zorkmids, and
 you had 22 more stashed away in your pack.
 Autopickup was off.

Final Characteristics:
 Your strength was 17 (limit:18/100).
 Your dexterity was 9 (limit:18).
 Your constitution was 10 (limit:18).
 Your intelligence was 17 (limit:18).
 Your wisdom was 14 (limit:18).
 Your charisma was 9 (limit:18).

Final Status:
 You weren't hungry.
 You were unencumbered.
 You were wielding a whip.
 You had basic skill with whip.

Final Attributes:
 You were devoutly aligned.
 You had automatic searching.
 You were displaced.
 You were warded.
 You are dead.

Miscellaneous:
 You didn't encounter any bones levels.
 Total elapsed playing time was 48 minutes and 5 seconds.

Major events:
 Turn
    1: LDaviesPeters the neutral female human Archeologist entered the dungeon
  696: entered the Gnomish Mines
  703: attained the rank of Field Worker (level 3)
 1604: killed by a homunculus, while sleeping

Spells:
 Name                 Level Category     Fail Retention
 polymorph              6   matter       100%  76%-100%

Skills:
 Fighting Skills
   bare handed combat [Unskilled]
   two weapon combat  [Unskilled]
   riding             [Unskilled]
 Weapon Skills
   dagger             [Unskilled]
   knife              [Unskilled]
   pick-axe           [Basic]
   short sword        [Unskilled]
   saber              [Unskilled]
   club               [Unskilled]
   quarterstaff       [Unskilled]
   sling              [Unskilled]
   dart               [Unskilled]
   boomerang          [Unskilled]
   whip               [Basic]
   unicorn horn       [Unskilled]
 Spellcasting Skills
   attack spells      [Unskilled]
   healing spells     [Unskilled]
   divination spells  [Unskilled]
   matter spells      [Unskilled]

Voluntary challenges:
 Character rerolling was not enabled.
 You were an atheist.
 You never genocided any monsters.
 You never polymorphed an object.
 You never changed form.
 You used no wishes.
Achievements:
 You entered the Gnomish Mines.
 You attained the rank of Field Worker.

 The Dungeons of Doom: levels 1 to 6
    Level 1:
    Level 2:
    Level 3:
       Stairs down to The Gnomish Mines.
    Level 4:
       A fountain.
    Level 5: <- You were here.
       Final resting place for
          you, killed by a homunculus, while sleeping.
    Level 6:
 The Gnomish Mines:
    Level 4:


Vanquished creatures:
  a giant ant
  a homunculus
  a rabid rat
  2 iguanas
  a hobbit
  2 gnomes
  2 geckos
  a jackal
  a fox
  a goblin
  4 sewer rats
  6 grid bugs
  a bat
  a kobold zombie
  5 newts
30 creatures vanquished.

No species were genocided or became extinct.

Game over:
                       ----------
                      /          \
                     /    REST    \
                    /      IN      \
                   /     PEACE      \
                  /                  \
                  |  LDaviesPeters   |
                  |      54 Au       |
                  |   killed by a    |
                  |    homunculus    |
                  |                  |
                  |                  |
                  |       2026       |
                 *|     *  *  *      | *
        _________)/\\_//(\/(/\)/\//\/|_)_______

Goodbye LDaviesPeters the Archeologist...

You died in The Dungeons of Doom on dungeon level 5 with 605 points,
and 54 pieces of gold, after 1604 moves.
You were level 3 with a maximum of 20 hit points when you died.

